Map: Protokół centralny

Players

Gracz - Winner!

  • Race: Zerg Zerg

SI 1 (Bardzo łatwa)

  • Race: Terran Terran

VOD

Have the link to the VOD?

Description

Time

  • Played on: Feb. 26, 2016, 12:07 p.m.
  • Length: 12:00
Show
View Real Time Build Order
Export as new Build Order

Gracz Zerg - Winner!

Build Orders: Pool First 

Get SALT Encoding   

  12  0:22  Extractor  
  11  0:33  Spawning Pool  
  10  1:17  Drone x3  
  13  1:31  Zergling x2  
  14  1:52  Hatchery  
  13  2:09  Zergling x2  
  13  2:11  Overlord  
  14  2:44  Metabolic Boost  
  14  2:47  Zergling x6  
  14  2:50  Hatchery  
  14  3:15  Zergling x4  
  14  5:01  Drone x3  
  15  6:10  Zergling x6  
  17  6:12  Zergling x6  
  17  6:13  Zergling x2  
  17  6:14  Zergling x4  
  21  8:01  Zergling x2  
  21  8:02  Zergling x4  
  21  8:03  Zergling x4  
  21  8:04  Zergling x2  
  21  8:05  Zergling x6  
  28  9:26  Zergling x6  
  28  9:28  Zergling x6  
  28  9:31  Overlord x3  
  34  11:36  Zergling x6  
  34  11:38  Zergling x6  
  40  11:41  Zergling x6  
Show
View Real Time Build Order
Export as new Build Order

SI 1 (Bardzo łatwa) Terran 

Build Orders: Reaper Expand 

Get SALT Encoding   

  12  0:00  SCV  
  13  0:13  SCV  
  14  0:18  Supply Depot  
  14  0:42  Barracks  
  14  1:06  Command Center  
  14  1:31  Marine, Supply Depot, Orbital Command  
  15  1:37  Refinery  
  15  1:50  Refinery  
  15  1:57  SCV  
  16  2:09  SCV  
  17  2:17  Reaper  
  17  2:21  SCV  
  19  2:23  SCV  
  20  2:33  SCV  
  21  2:37  Refinery, SCV  
  22  2:45  SCV  
  23  2:51  SCV  
  24  2:58  SCV  
  25  3:06  SCV  
  25  3:08  Marine  
  27  3:13  SCV  
  28  3:20  SCV  
  28  3:26  Factory  
  29  3:27  SCV  
  30  3:50  Refinery, SCV  
  29  3:57  SCV  
  29  3:59  Marine  
  30  4:04  SCV  
  31  4:11  Supply Depot  
  31  4:14  Starport  
  31  4:15  SCV  
  32  4:17  Barracks Tech Lab  
  32  4:22  SCV  
  32  4:28  Hellion  
  32  4:29  SCV  
  34  4:37  SCV  
  34  4:44  SCV  
  35  4:51  Supply Depot, SCV  
  35  4:52  Starport Tech Lab  
  36  4:57  Hellion  
  36  4:59  SCV  
  38  5:06  SCV  
  39  5:10  Raven  
  39  5:13  SCV  
  37  5:22  SCV  
  37  5:26  Marauder  
  40  5:30  SCV  
  38  5:37  SCV  
  37  5:44  SCV  
  36  5:51  SCV  
  36  5:52  Raven  
  36  5:55  Hellion  
  40  5:59  SCV  
  40  6:06  SCV  
  40  6:13  SCV  
  41  6:21  SCV  
  42  6:28  SCV  
  43  6:35  Viking, SCV  
  46  6:42  SCV  
  47  6:50  SCV  
  47  6:53  Supply Depot  
  48  6:57  SCV  
  49  7:04  SCV  
  45  7:11  SCV  
  40  7:19  SCV  
  40  7:21  Marine  
  38  7:26  SCV  
  36  7:33  SCV  
  32  7:40  SCV  
  28  7:48  SCV  
  28  8:02  SCV  
  28  8:12  Marine  
  29  8:14  SCV  
  30  8:26  SCV  
  31  8:38  SCV  
  31  8:41  Viking  
  24  8:50  SCV  
  8  9:03  SCV  
  11  9:10  Hellion  
  11  9:15  SCV  
  12  9:22  Command Center  
  10  9:27  SCV  
  9  9:38  Hellion  
  5  10:34  SCV  
  6  10:46  SCV  
  6  10:58  SCV  
  7  11:10  SCV  
  7  11:23  SCV  
  6  11:38  Command Center  
  6  11:51  Supply Depot  
Tags
 
Add a new tag
Caveats
  • Supply blocks, unpowered buildings, or Contaminate may cause inaccurate times.
  • Supply counts are checked every 10 seconds.